 Dungeon Crawl Stone Soup version 0.24-a0-441-g27f0392e16 (webtiles) character file.

Game seed: 10550846977930883011

24432 gruber the Destroyer (level 12, -10/70 HPs)
             Began as a Deep Elf Conjurer on June 19, 2019.
             Was a High Priest of Vehumet.
             Shot with an arrow by a centaur warrior (12 damage)
             ... on level 13 of the Dungeon.
             The game lasted 00:48:21 (17500 turns).

gruber the Destroyer (Deep Elf Conjurer)           Turns: 17500, Time: 00:48:22

Health: -10/70     AC: 11    Str:  5    XL:     12   Next: 80%
Magic:  0/30       EV: 17    Int: 26    God:    Vehumet [*****.]
Gold:   459        SH:  0    Dex: 15    Spells: 10/36 levels left

rFire    x . .     SeeInvis .   k - +1 dagger (venom)
rCold    + . .     Gourm    .   (no shield)
rNeg     . . .     Faith    .   V - +0 steam dragon scales
rPois    .         Spirit   +   (no helmet)
rElec    .         Reflect  .   x - +0 cloak
rCorr    .         Harm     .   o - +0 pair of gloves
MR       +....                  (no boots)
Stlth    ++++......             s - amulet of guardian spirit
HPRegen  0.21/turn              i - ring of ice
MPRegen  0.22/turn              C - +4 ring of protection

@: no status effects
A: no striking features
a: Renounce Religion


You were on level 13 of the Dungeon.
You worshipped Vehumet.
Vehumet was extremely pleased with you.
You were hungry.

You visited 2 branches of the dungeon, and saw 14 of its levels.

You collected 935 gold pieces.
You spent 476 gold pieces at shops.

Inventory:

Hand Weapons
 k - a +1 dagger of venom (weapon)
Missiles
 v - 8 datura-tipped darts (quivered)
 F - 7 throwing nets
Armour
 o - a +0 pair of gloves (worn)
 x - a +0 cloak (worn)
 V - +0 steam dragon scales (worn)
 Y - a +0 troll leather armour
Jewellery
 i - a ring of ice (left hand)
 s - an amulet of guardian spirit (around neck)
 C - a +4 ring of protection (right hand)
 H - a +5 amulet of reflection
 O - an uncursed ring of ice
 R - an uncursed ring of see invisible
Wands
 a - a wand of acid (8)
 u - a wand of digging (3)
 w - a wand of disintegration (8)
 I - a wand of iceblast (11)
 J - a wand of flame (13)
 L - a wand of polymorph (8)
 P - a wand of random effects (12)
Scrolls
 e - a scroll of identify
 f - 2 scrolls of fear {unknown}
 j - 3 scrolls of teleportation
 n - 4 scrolls of immolation {unknown}
 p - 10 scrolls of remove curse
 q - a scroll of blinking
 B - a scroll of enchant armour {unknown}
 D - 2 scrolls of random uselessness {unknown}
 G - 3 scrolls of magic mapping
 N - 3 scrolls of enchant weapon {unknown}
 Q - 2 scrolls of acquirement {unknown}
 S - 3 scrolls of amnesia {unknown}
 U - a scroll of vulnerability {unknown}
Potions
 b - 2 potions of berserk rage
 d - 4 potions of curing
 g - 3 potions of ambrosia
 h - 3 potions of cancellation
 l - 2 potions of flight
 m - 3 potions of agility
 r - 2 potions of haste
 t - 4 potions of might
 E - a potion of brilliance
 M - a potion of invisibility
 T - a potion of resistance
 X - a potion of magic
Comestibles
 c - 22 rations


   Skills:
 - Level 6.1 Fighting
 - Level 8.0 Dodging
 - Level 7.1 Stealth
 * Level 12.5 Spellcasting
 - Level 13.1 Conjurations
 - Level 2.1 Hexes
 - Level 4.1 Summonings
 - Level 8.8 Ice Magic
 - Level 6.0 Air Magic
 - Level 3.1 Poison Magic
 - Level 0.3 Evocations


You had 10 spell levels left.
You knew the following spells:

 Your Spells              Type           Power        Failure   Level  Hunger
a - Magic Dart            Conj           ####         0%          1    None
b - Searing Ray           Conj           ######       1%          2    None
c - Dazzling Spray        Conj/Hex       ######       1%          3    None
d - Throw Frost           Conj/Ice       ######       1%          2    None
e - Mephitic Cloud        Conj/Pois/Air  ######..     1%          3    None
f - Throw Icicle          Conj/Ice       #######.     1%          4    None
g - Summon Ice Beast      Ice/Summ       ######..     2%          4    None
h - Regeneration          Chrm/Necr      ###.......   11%         3    None
i - Animate Dead          Necr           N/A          34%         4    None

Your spell library contained the following spells:

 Spells                   Type           Power        Failure   Level  Hunger
 Airstrike                Air            #####.....   1%          4    None
 Confusing Touch          Hex            ####..       1%          1    None
 Freeze                   Ice            ####         1%          1    None
 Summon Small Mammal      Summ           ####         1%          1    None
 Ozocubu's Armour         Chrm/Ice       ######..     1%          3    None
 Force Lance              Conj/Tloc      ######..     1%          4    None
 Fulminant Prism          Conj/Hex       ######....   1%          4    None
 Iskenderun's Mystic Bla  Conj           ######..     1%          4    None
 Animate Skeleton         Necr           N/A          3%          1    None
 Apportation              Tloc           ###...       3%          1    None
 Pain                     Necr           ###.         3%          1    None
 Vampiric Draining        Necr           ###.......   11%         3    None


Dungeon Overview and Level Annotations

Branches:
Dungeon (13/15)            Temple (1/1) D:4            Lair (0/6) D:10
    Orc (0/2) D:10
 Vaults: D:13-14

Altars:
Ashenzari
Cheibriados
Dithmenos
Elyvilon
Fedhas
Gozag
Hepliaklqana
Kikubaaqudgha
Makhleb
Nemelex Xobeh
Okawaru
Qazlal
Ru
Sif Muna
Trog
Uskayaw
Vehumet
Wu Jian
Xom
Yredelemnul
Zin
The Shining One
Beogh

Shops:
D:7 !   D:8 [[:[(   D:11 :

Annotations:
D:7 1 runed translucent door, DavidChitty2's ghost, novice HOFi


Message History

The centaur shoots an arrow.
The arrow misses you.
You see here 2 arrows.
You are feeling hungry.
The centaur shoots an arrow.
The arrow hits you.
The centaur shoots an arrow.
The arrow hits you.
The centaur shoots an arrow.
The arrow hits you!
* * * LOW HITPOINT WARNING * * *
You see here 2 arrows.
The centaur shoots an arrow.
The arrow hits you.
* * * LOW HITPOINT WARNING * * *
The centaur warrior shoots an arrow.
The arrow hits you!
* * * LOW HITPOINT WARNING * * *
The howler monkey changes into a fire bat!
The centaur shoots an arrow.
The arrow misses you.
The centaur warrior shoots an arrow.
The arrow hits you.
* * * LOW HITPOINT WARNING * * *
Things that are here:
an arrow; 2 potions of mutation The centaur shoots an arrow.
The arrow closely misses you.
The centaur warrior shoots an arrow.
The arrow hits you!
You die...

#### ##..### #.....# ###.....####
#####...#..###.####
#..##...##.##..#..#
#.......(.........##### .#
#.....(.##(.(@....##..#### ...
##....bc.....#...####..(#.##...
##.....cc#....##..###..(##......
#......c.#.....=...#<.....>.....
#...((..##.......))))...........
##...hc####............##........
......c.###.............#........
.........#####............(....))
........)...##.....#...#.(....)..


You could see a centaur warrior and a centaur.

Vanquished Creatures
  A death knight (D:11)
  A two-headed ogre (D:10)
  2 centaur warriors (D:13)
  4 death yaks (D:10)
  Pikel (D:8)
  A manticore (D:11)
  3 cyclopes
  2 centaur zombies (D:13)
  4 centaur skeletons
  4 gargoyles
  3 freezing wraiths (D:11)
  2 trolls
  A hornet (D:7)
  5 hippogriffs
  2 wyverns
  3 wraiths
  22 yaks
  Grum (D:8)
  A hungry ghost (D:13)
  A steam dragon (D:11)
  Edmund (D:6)
  3 water moccasins
  A slave (D:8)
  5 orc warriors
  2 sky beasts
  4 ice beasts
  2 black bears (D:9)
  A necrophage (D:8)
  2 wolves (D:8)
  A phantom (D:11)
  5 ogres
  4 centaurs
  2 crocodiles
  2 big kobolds
  5 bullfrogs
  3 gnoll sergeants (D:5)
  7 scorpions
  15 killer bees
  15 wights
  7 howler monkeys
  4 crimson imps
  2 bullfrog zombies (D:12)
  13 hounds
  Crazy Yiuf (D:3)
  4 gnoll shamans (D:5)
  3 bullfrog skeletons
  4 jellies
  7 orc priests
  Jessica (D:2)
  Natasha (thrice) (D:2)
  4 iguanas
  10 orc wizards
  7 worker ants
  A hound skeleton (D:8)
  A worker ant zombie (D:8)
  29 gnolls
  2 howler monkey skeletons
  18 adders
  4 shadow imps
  An ooze (D:3)
  6 worms
  2 dart slugs
  8 leopard geckos
  39 orcs
  5 giant cockroaches
  14 goblins
  10 hobgoblins
  12 jackals
  7 quokkas
  3 ball pythons
  5 bats
  3 frilled lizards
  A jackal skeleton (D:8)
  A jackal zombie (D:7)
  23 kobolds
  A leopard gecko skeleton (D:4)
  10 rats
420 creatures vanquished.

Vanquished Creatures (collateral kills)
  A death yak (D:8)
  A yak (D:10)
  An ogre (D:10)
  An orc (D:10)
4 creatures vanquished.

Grand Total: 424 creatures vanquished

Notes
Turn   | Place    | Note
-------+----------+-------------------------------------------
     0 | D:1      | gruber the Deep Elf Conjurer began the quest for the Orb.
     0 | D:1      | Reached XP level 1. HP: 10/10 MP: 6/6
   288 | D:1      | Reached XP level 2. HP: 15/15 MP: 2/8
   343 | D:1      | Reached skill level 5 in Conjurations
   584 | D:1      | Reached XP level 3. HP: 19/19 MP: 7/10
   962 | D:2      | Learned a level 2 spell: Searing Ray
   966 | D:2      | Learned a level 3 spell: Dazzling Spray
  1046 | D:2      | Noticed Jessica
  1161 | D:2      | Reached XP level 4. HP: 24/24 MP: 3/12
  1312 | D:2      | Killed Jessica
  1391 | D:2      | Reached skill level 6 in Conjurations
  1514 | D:2      | Noticed Natasha
  1521 | D:2      | Killed Natasha
  1521 | D:2      | Reached skill level 5 in Spellcasting
  1521 | D:2      | Reached XP level 5. HP: 28/28 MP: 5/14
  1586 | D:2      | Found a white marble altar of Elyvilon.
  1660 | D:2      | Found a faded altar of an unknown god.
  1816 | D:2      | Noticed Natasha
  1821 | D:2      | Killed Natasha
  1903 | D:2      | Noticed Natasha
  1907 | D:2      | Killed Natasha
  2231 | D:3      | Reached XP level 6. HP: 32/32 MP: 1/17
  2773 | D:3      | Found a runed translucent door.
  2774 | D:3      | Noticed Crazy Yiuf
  2886 | D:3      | Reached skill level 7 in Conjurations
  3041 | D:3      | Killed Crazy Yiuf
  3092 | D:4      | Found a staircase to the Ecumenical Temple.
  3268 | Temple   | Entered the Ecumenical Temple
  3277 | Temple   | Became a worshipper of Vehumet
  3290 | D:4      | Reached skill level 8 in Conjurations
  3395 | D:4      | Reached XP level 7. HP: 36/36 MP: 11/18
  3880 | D:4      | You fall into a shaft and drop 2 floors!
  3906 | D:6      | Found a snail-covered altar of Cheibriados.
  3922 | D:6      | Noticed Edmund
  4039 | D:6      | Reached skill level 9 in Conjurations
  4039 | D:6      | Reached skill level 1 in Hexes
  4089 | D:6      | Killed Edmund
  4404 | D:6      | Reached skill level 10 in Conjurations
  4404 | D:6      | Reached XP level 8. HP: 36/41 MP: 12/19
  4751 | D:5      | Entered Level 5 of the Dungeon
  4814 | D:5      | Reached * piety under Vehumet
  4814 | D:5      | Offered knowledge of Sting by Vehumet.
  5083 | D:5      | Reached skill level 11 in Conjurations
  5377 | D:5      | Found an opulent altar of Gozag.
  5417 | D:5      | Found a sacrificial altar of Ru.
  5424 | D:5      | Found a hide-covered altar of Uskayaw.
  5664 | D:5      | Found a shimmering altar of Xom.
  6011 | D:5      | Reached skill level 12 in Conjurations
  6206 | D:5      | Offered knowledge of Throw Frost by Vehumet.
  6252 | D:5      | Reached ** piety under Vehumet
  6254 | D:5      | Reached XP level 9. HP: 19/45 MP: 5/20
  7331 | D:7      | Reached skill level 13 in Conjurations
  7365 | D:7      | Found a runed translucent door.
  7365 | D:7      | Found a shimmering altar of Xom.
  7365 | D:7      | Noticed DavidChitty2's ghost (novice HOFi)
  7365 | D:7      | Noticed a +1 spear of chaos
  7420 | D:7      | Paralysed by a hornet for 2 turns
  7659 | D:7      | Found Nockym's Distillery.
  7676 | D:7      | Bought a potion of haste for 140 gold pieces
  7676 | D:7      | Bought a potion of heal wounds for 70 gold pieces
  7676 | D:7      | Bought a potion of agility for 56 gold pieces
  7676 | D:7      | Bought a potion of might for 56 gold pieces
  7676 | D:7      | Bought a potion of magic for 112 gold pieces
  7676 | D:7      | Bought a potion of curing for 42 gold pieces
  8086 | D:8      | Found Dein's Antique Armour Shop.
  8105 | D:8      | Found Kuttihoam's Antique Armour Boutique.
  8118 | D:8      | Reached skill level 5 in Dodging
  8246 | D:8      | Reached skill level 5 in Stealth
  8331 | D:8      | Learned a level 2 spell: Throw Frost
  8403 | D:8      | Found an ancient bone altar of Kikubaaqudgha.
  8445 | D:8      | Noticed Pikel
  8456 | D:8      | Killed Pikel
  8586 | D:8      | Reached XP level 10. HP: 47/50 MP: 19/21
  8590 | D:8      | Found Rugamup's Book Shop.
  8600 | D:8      | Found Fonuz's Antique Armour Boutique.
  8614 | D:8      | Noticed Grum
  8634 | D:8      | Killed Grum
  8649 | D:8      | Offered knowledge of Ignite Poison by Vehumet.
  8700 | D:8      | Found Bufigrah's Weapon Boutique.
  9308 | D:8      | Reached *** piety under Vehumet
 10068 | D:9      | Offered knowledge of Mephitic Cloud by Vehumet.
 10081 | D:9      | Learned a level 3 spell: Mephitic Cloud
 10213 | D:9      | Learned a level 4 spell: Throw Icicle
 10218 | D:9      | Learned a level 4 spell: Summon Ice Beast
 10237 | D:10     | Entered Level 10 of the Dungeon
 10270 | D:10     | Noticed a death yak
 10271 | D:10     | Noticed a death yak
 10904 | D:8      | Killed a death yak
 10904 | D:8      | Reached skill level 10 in Spellcasting
 11163 | D:10     | Noticed a gargoyle
 11346 | D:10     | Noticed a two-headed ogre
 11370 | D:10     | Reached skill level 1 in Summonings
 11370 | D:10     | Reached skill level 1 in Air Magic
 11370 | D:10     | Reached skill level 1 in Poison Magic
 11383 | D:10     | Reached skill level 1 in Ice Magic
 11389 | D:10     | Noticed a cyclops
 11413 | D:10     | Noticed a death yak
 11414 | D:10     | Found a staircase to the Lair.
 11415 | D:10     | Noticed a death yak
 11415 | D:10     | Noticed a death yak
 11656 | D:10     | Noticed a gargoyle
 11884 | D:10     | Killed a two-headed ogre
 11884 | D:10     | Reached XP level 11. HP: 54/54 MP: 15/27
 12252 | D:10     | Found a staircase to the Orcish Mines.
 12340 | D:10     | Found a roughly hewn altar of Beogh.
 12389 | D:10     | Reached **** piety under Vehumet
 12677 | D:10     | Offered knowledge of Irradiate by Vehumet.
 12990 | D:11     | Noticed a death knight
 13040 | D:11     | Reached skill level 5 in Air Magic
 13527 | D:10     | Killed a death yak
 13527 | D:10     | Reached skill level 5 in Ice Magic
 13580 | D:10     | Killed a death yak
 13767 | D:10     | Killed a death yak
 13777 | D:10     | Killed a death yak
 14029 | D:11     | Reached XP level 12. HP: 41/59 MP: 4/28
 14621 | D:11     | Found Rysone's Book Shop.
 14721 | D:11     | Reached ***** piety under Vehumet
 14725 | D:11     | Reached skill level 1 in Fighting
 14867 | D:11     | Killed a death knight
 14867 | D:11     | Offered knowledge of Airstrike by Vehumet.
 15066 | D:12     | Identified the +4 chain mail of the Ecumenical Temple
                  | {Int+6}
 15818 | D:12     | Reached skill level 5 in Fighting
 16114 | D:12     | Learned a level 3 spell: Regeneration
 16119 | D:12     | Learned a level 4 spell: Animate Dead
 16815 | D:13     | Noticed a centaur warrior
 17333 | D:13     | Noticed a centaur warrior
 17346 | D:13     | Killed a centaur warrior
 17469 | D:13     | Noticed a centaur warrior
 17474 | D:13     | Killed a centaur warrior
 17499 | D:13     | HP: 2/70 [centaur warrior/arrow (3)]
 17500 | D:13     | Shot with an arrow by a centaur warrior

Levels and vault maps discovered:
D:1:      dpeg_arrival_morbid_curiosity, layout_basic
D:2:      layout_loops_ring, old_standard_altar, serial_glass, glass_columns_b,
          glass_columns_a, chequers_ecumenical_altar_island, first_ration,
          kennysheep_flooded_box, minmay_pentomino_q2, uniq_natasha,
          uniq_jessica
D:3:      layout_basic, minmay_misc_feat_hallway, uniq_crazy_yiuf_cottage
D:4:      layout_basic, minmay_temple_entry_proselytizer
D:5:      layout_cave_pools, xom_butterflies, grunt_gozag_statues,
          grunt_temple_overflow_open, serial_gnoll_camp,
          gnoll_camp_mini_doghouse, gnoll_camp_mini_house,
          gnoll_camp_mini_basic, gnoll_camp_huts_moat, gnoll_camp_mini_hut,
          gnoll_camp_mini_hut
D:6:      layout_rooms, kennysheep_slug_shrine, uniq_edmund
D:7:      layout_loops_ring, ebering_ghost_xom, serial_shops, shop
D:8:      layout_cave_pods, old_standard_altar, serial_shops, shop,
          nicolae_shop_statue_plus, nicolae_shop_overgrown_old_shop,
          kennysheep_little_box, shop, grunt_ogre_cave, hex_tiny,
          chequers_serial_rivers_small_3, uniq_pikel, uniq_grum
D:9:      layout_loops_cross
D:10:     layout_basic, dpeg_lair_monsters, minmay_orc_entry_temple_small
D:11:     layout_loops_ring, serial_shops, nicolae_shop_trees
D:12:     layout_cave_pods
D:13:     layout_cave_pools
Temple:   nicolae_temple_no_exploring_needed

Skill      XL: |  1  2  3  4  5  6  7  8  9 10 11 12 |
---------------+-------------------------------------+-----
Conjurations   | 5 6 8 10 12 13 | 13.1
Spellcasting   | 4 5 6 10 12 | 12.5
Hexes          | 1 2 |  2.1
Dodging        | 6 8 |  8.0
Stealth        | 6 7 |  7.1
Summonings     | 1 4 |  4.1
Air Magic      | 2 6 |  6.0
Poison Magic   | 2 3 |  3.1
Ice Magic      | 1 8 |  8.8
Fighting       | 6 |  6.1
Evocations     | |  0.3

Action                   |  1- 3 |  4- 6 |  7- 9 | 10-12 || total
-------------------------+-------+-------+-------+-------++-------
Melee: Short sword       |     5 |     7 |   118 |    49 ||   179
       Dagger            |       |       |       |   137 ||   137
 Cast: Magic Dart        |    75 |   134 |   157 |    75 ||   441
       Searing Ray       |       |    14 |    64 |    79 ||   157
       Dazzling Spray    |       |     2 |    12 |    10 ||    24
       Throw Icicle      |       |       |       |   183 ||   183
       Summon Ice Beast  |       |       |       |     6 ||     6
       Mephitic Cloud    |       |       |       |     7 ||     7
Evoke: Wand              |       |       |     3 |    11 ||    14
  Use: Scroll            |       |       |    10 |     8 ||    18
       Potion            |       |       |       |     6 ||     6
 Stab: Sleeping          |       |       |       |     2 ||     2
  Eat: Chunk             |       |     7 |    15 |    19 ||    41
       Ration            |       |       |       |     3 ||     3
Armor: Robe              |     1 |     5 |    49 |    35 ||    90
       Steam dragon scal |       |       |       |    56 ||    56
Dodge: Dodged            |    10 |    16 |   173 |   324 ||   523

Table legend:
 A = Non-vault XP
 B = Vault XP
 C = Vault XP percentage of total XP
 D = Non-vault monster count
 E = Vault monster count
 F = Vault count percentage of total count
                 A         B        C        D         E       F
            +---------+---------+-------+---------+---------+-------
      Total |   28261 |    6643 |  19.0 |     347 |      76 |  18.0
            +---------+---------+-------+---------+---------+-------
        D:1 |      39 |      10 |  20.4 |      22 |       5 |  18.5
        D:2 |     191 |      81 |  29.8 |      26 |       4 |  13.3
        D:3 |     126 |      41 |  24.6 |      32 |       1 |   3.0
        D:4 |     392 |      40 |   9.3 |      20 |       1 |   4.8
        D:5 |     494 |    1013 |  67.2 |      24 |      42 |  63.6
        D:6 |     527 |     162 |  23.5 |      15 |       2 |  11.8
        D:7 |    1248 |       0 |   0.0 |      12 |       0 |   0.0
        D:8 |    1182 |    1900 |  61.6 |      23 |       6 |  20.7
        D:9 |    2063 |       0 |   0.0 |      24 |       0 |   0.0
       D:10 |    6152 |    3396 |  35.6 |      40 |      15 |  27.3
       D:11 |    6040 |       0 |   0.0 |      32 |       0 |   0.0
       D:12 |    5087 |       0 |   0.0 |      55 |       0 |   0.0
       D:13 |    4720 |       0 |   0.0 |      22 |       0 |   0.0
            +---------+---------+-------+---------+---------+-------
